AoeStats
← DAN13L

MegaRandom

509280642Analyzed
2v2 RM · 8d ago on Sep 26, 2026· 31m 17s· 4 players
Game mode
Random Map
Map size
Medium (4 player)
Population
200
Speed
Normal
Resources
Standard
Victory
Conquest
Starting age
Dark Age
Ending age
Imperial Age
RankedLock teamsTeams togetherTeam positionsShared explorationLock speedFull tech treeHidden civsTurbo modeCheats
Victory
Defeat
🇲🇽 Wei · Mexico
994
+15
🇦🇷 Mapuche · Argentina
994
+15
🇨🇳 Vietnamese · China
995
-16
🇦🇷 Spanish · Argentina
958
-14
猫咪先生
12:11 Feudal Age
12:40 Double-Bit Axe
18:31 Castle Age
18:40 Bloodlines
19:07 Loom
19:58 Wheelbarrow
24:49 Horse Collar
HUGO QPA
0:32 Loom
10:50 Feudal Age
11:32 Town Watch
18:38 Forging
20:29 Wheelbarrow
23:45 Castle Age
22:18 Horse Collar
22:39 Double-Bit Axe
22:53 Stone Mining
22:57 Gold Mining
24:18 Bloodlines
24:15 Scale Barding Armor
27:10 Husbandry
30:40 Chain Barding Armor
DAN13L
6:29 Loom
9:02 Feudal Age
11:26 Double-Bit Axe
12:22 Horse Collar
17:55 Fletching
20:06 Wheelbarrow
23:19 Castle Age
21:19 Gold Mining
25:01 Wheelbarrow
24:37 Bow Saw
24:29 Heavy Plow
25:07 Gold Shaft Mining
24:33 Bodkin Arrow
24:07 Crossbowman
27:33 Thumb Ring
27:40 Bloodlines
28:45 Husbandry
29:09 Stone Mining
29:39 Town Watch
3ms
10:02 Feudal Age
10:32 Double-Bit Axe
11:17 Loom
11:52 Horse Collar
14:24 Wheelbarrow
19:35 Castle Age
17:41 Stone Mining
19:40 Gold Mining
21:08 Pikeman
26:48 Forging
31:54 Hand Cart
34:14 Imperial Age
31:40 Fletching
Connection lost

Rejoining the realm…

Still unreachable

The connection could not be restored.

Session expired

The server has moved on; the page needs a fresh start.